 Dungeon Crawl Stone Soup version 0.25-a0-302-g9f758675c1 (webtiles) character file.

Game seed: 6129724346688587189, levelgen mode: deterministic

46 DerDa the Magician (level 3, -1/21 HPs)
             Began as an Octopode Wizard on Dec 20, 2019.
             Slain by a scorpion (6 damage)
             ... on level 4 of the Dungeon.
             The game lasted 00:03:26 (1130 turns).

DerDa the Magician (Octopode Wizard)                Turns: 1130, Time: 00:03:27

Health: -1/21      AC:  1    Str:  6    XL:     3   Next: 68%
Magic:  3/8        EV: 13    Int: 21    God:
Gold:   100        SH:  0    Dex: 10    Spells: 8/9 levels left

rFire    . . .     SeeInvis .   k - +2 dagger (drain)
rCold    . . .     Gourm    .   (no shield)
rNeg     . . .     Faith    .   a - +0 hat
rPois    .         Spirit   .   (no amulet)
rElec    .         Reflect  .   (no ring)
rCorr    .         Harm     .   (no ring)
MR       .....                  (no ring)
Stlth    +++.......             (no ring)
HPRegen  0.07/turn              (no ring)
MPRegen  0.11/turn              (no ring)
                                (no ring)
                                (no ring)

@: lethally poisoned (-1 -> -12), drained
A: almost no armour, stealthy swim, amphibious, 8 rings, constrict 8, camouflage
1, gelatinous body 1
a: no special abilities


You were on level 4 of the Dungeon.
You were hungry.

You visited 1 branch of the dungeon, and saw 3 of its levels.

You collected 100 gold pieces.

Inventory:

Hand Weapons
 d - a +0 dagger
 k - a +2 dagger of draining (weapon)
Missiles
 i - 60 stones (quivered)
 m - 23 sling bullets
 n - 44 arrows
Armour
 a - a +0 hat (worn)
Scrolls
 b - 4 scrolls of identify {unknown}
 g - a scroll of immolation {unknown}
 h - 2 scrolls of teleportation {unknown}
 j - 2 scrolls of remove curse {unknown}
 l - a scroll of fear {unknown}
 p - a scroll of noise {unknown}
Potions
 e - 2 potions of curing {unknown}
 o - a potion of haste {unknown}
Comestibles
 c - 9 rations
 f - 3 chunks of flesh


   Skills:
 - Level 2.0(1.3) Dodging
 - Level 2.6(2.0) Stealth
 * Level 3.9(3.2) Spellcasting
 + Level 2.0(1.4) Conjurations
   Level 1.0(0.3) Summonings
   Level 1.0(0.3) Translocations


You had 8 spell levels left.
You knew the following spells:

 Your Spells              Type           Power        Failure   Level  Hunger
a - Magic Dart            Conj           #...         7%          1    None

Your spell library contained the following spells:

 Spells                   Type           Power        Failure   Level  Hunger
 Blink                    Tloc           N/A          17%         2    ##.....
 Call Imp                 Summ           #.......     17%         2    ##.....
 Slow                     Hex            #.......     21%         2    ##.....
 Conjure Flame            Conj/Fire      #.......     28%         3    ###....
 Mephitic Cloud           Conj/Pois/Air  #.......     32%         3    ###....


Dungeon Overview and Level Annotations

Branches:
Dungeon (2/15)

Altars:
Cheibriados
Makhleb


Innate Abilities, Weirdness & Mutations

You cannot wear most types of armour.
You are very stealthy in the water. (Stealth+)
You are amphibious.
You can wear up to eight rings at the same time.
You can use your tentacles to constrict eight enemies at once.
Your skin changes colour to match your surroundings (Stealth+).
Your rubbery body absorbs attacks. (AC +1, EV +1)


Message History

A hound comes into view.
The scorpion stings you!
The hound barks!
You hit the scorpion. Your grab misses the scorpion.
The scorpion is lightly wounded.
The scorpion stings you but does no damage.
You hit the scorpion but do no damage. You drain the scorpion.
You grab the scorpion.
The scorpion is moderately wounded.
You constrict the scorpion, but do no damage.
The scorpion stings you.
* * * LOW HITPOINT WARNING * * *
You are lethally poisoned!
The scorpion poisons you!
You hit the scorpion.
The scorpion is heavily wounded.
You constrict the scorpion, but do no damage.
* * * LOW HITPOINT WARNING * * *
You feel sick. The scorpion stings you.
You die...

#............
#####.......# .. ..
####..##.......# /##..
#..#...#......## .....
#..............##.....
#.........>......h....
##.............≈≈≈##..
#........##...≈≈≈≈≈##
##.......###..h≈@s≈_#
#.............≈≈≈≈≈##
#..#...##.####.≈≈≈..#
##.##...###
#.........# ##..#..##
#.....#..... ...###...
#.....##..... ...#
##..........# ....
.##.# #...#.....# ...#
.. .# ...#...... ...


You could see a scorpion and 2 hounds.

Vanquished Creatures
  An adder (D:4)
  A dart slug (D:4)
  A leopard gecko (D:2)
  A ball python (D:2)
  3 bats
  3 giant cockroaches
  5 goblins (D:1)
  4 hobgoblins
  3 jackals (D:2)
  4 kobolds (D:1)
  A quokka (D:4)
  A frilled lizard (D:1)
28 creatures vanquished.

Notes
Turn   | Place    | Note
-------+----------+-------------------------------------------
     0 | D:1      | DerDa the Octopode Wizard began the quest for the Orb.
     0 | D:1      | Reached XP level 1. HP: 11/11 MP: 4/4
   145 | D:1      | Reached XP level 2. HP: 17/17 MP: 0/6
   848 | D:2      | Reached XP level 3. HP: 19/21 MP: 1/8
   996 | D:2      | Found a burning altar of Makhleb.
  1068 | D:2      | You fall into a shaft and drop 2 floors!
  1103 | D:4      | Found a snail-covered altar of Cheibriados.
  1120 | D:4      | Noticed a scorpion
  1130 | D:4      | Slain by a scorpion

Levels and vault maps discovered:
D:1:      minmay_arrival_wavy_path, layout_basic
D:2:      minmay_alternating_diamond, layout_basic,
          nicolae_overflow_crystal_walls, serial_curves, eino_curves_03,
          eino_curves_02, eino_curves_03
D:4:      layout_cave_pools, kennysheep_slug_shrine, minmay_temple_entry_tees,
          serial_shops, kennysheep_mini,
          nicolae_shop_temple_entry_statues_fountains, shop, nicolae_shop_trees,
          uniq_robin

Skill      XL: |  1  2  3 |
---------------+----------+-----
Conjurations   | 2 |  2.0
Dodging        | |  2.0
Stealth        | |  2.6
Spellcasting   | |  3.9
Summonings     | |  1.0
Translocations | |  1.0

Action                   || total
-------------------------++-------
Melee: Dagger            ||    29
       Constrict         ||     6
       Tentacles         ||     2
 Cast: Magic Dart        ||    60
Armor: Skin              ||     4
Dodge: Dodged            ||    16

Table legend:
 A = Non-vault XP
 B = Vault XP
 C = Vault XP percentage of total XP
 D = Non-vault monster count
 E = Vault monster count
 F = Vault count percentage of total count
                 A         B        C        D         E       F
            +---------+---------+-------+---------+---------+-------
      Total |      63 |       4 |   6.0 |      27 |       1 |   3.6
            +---------+---------+-------+---------+---------+-------
        D:1 |      28 |       0 |   0.0 |      16 |       0 |   0.0
        D:2 |      19 |       0 |   0.0 |       9 |       0 |   0.0
        D:4 |      16 |       4 |  20.0 |       2 |       1 |  33.3
            +---------+---------+-------+---------+---------+-------
